 Dungeon Crawl Stone Soup version 0.30-a0-4-ga7cffc901d (webtiles) character file.

Game seed: 3330086848853015633

4716 Zonian the Tainter (level 10, -14/44 HPs)
             Began as a Spriggan Venom Mage on Aug 20, 2022.
             Was a Follower of Ashenzari.
             Demolished by a manticore (15 damage)
             ... on level 8 of the Dungeon.
             The game lasted 00:42:49 (16083 turns).

Zonian the Tainter (Spriggan Venom Mage)           Turns: 16083, Time: 00:42:49

Health: -14/44     AC:  6    Str:  6    XL:     10   Next: 22%
Magic:  26/28      EV: 21    Int: 24    God:    Ashenzari [*.....]
Gold:   403        SH: 10    Dex: 23    Spells: 9/19 levels left

rFire   x . .      SeeInvis +    w - +2 sling (freeze)
rCold   . . .      Faith    .    d - +2 buckler of Curses and Power {reflect, Bglg, Elem} (curse)
rNeg    . . .      Spirit   .    a - +0 robe
rPois   .          Reflect  +    (helmet restricted)
rElec   .          Harm     .    (no cloak)
rCorr   .          Rampage  .    (gloves unavailable)
Will    ++...                    (boots unavailable)
Stlth   ++++......               s - amulet of magic regeneration
HPRegen 0.14/turn                r - ring "Lashed Oracle" {rF- Will+ MP+9 Int+4 Dex+8, Fort, Elem} (curse)
MPRegen 0.61/turn                f - +4 ring of protection

@: very quick
A: very small, no large weapons, unfitting armour, see invisible, speed 3
a: Renounce Religion, Shatter the Chains


You were on level 8 of the Dungeon.
You worshipped Ashenzari.
Ashenzari was aware of your devotion.
You visited 2 branches of the dungeon, and saw 9 of its levels.

You collected 403 gold pieces.

Inventory:

Hand Weapons
 c - a +0 dagger
 q - a +0 sling
 v - a +0 whip of freezing
 w - a +2 sling of freezing (weapon)
 x - a +0 dagger of freezing
 G - a +2 hand axe of electrocution
Armour
 a - a +0 robe (worn)
 d - the cursed +2 buckler of Curses and Power (worn) {reflect, Bglg, Elem}
   (You acquired it on level 4 of the Dungeon)

   It has a curse which improves the following skills: Beguiling: Conjurations,
   Hexes and Translocations.
   Elements:  Fire Magic, Ice Magic, Air Magic and Earth Magic.
Jewellery
 f - a +4 ring of protection (right hand)
 n - a ring of flight
 p - a +4 ring of evasion
 r - the cursed ring "Lashed Oracle" (left hand) {rF- Will+ MP+9 Int+4 Dex+8, Fort, Elem}
   (You took it off a kobold on level 3 of the Dungeon)

   [ring of magical power]

   Int:       It affects your intelligence (+4).
   Dex:       It affects your dexterity (+8).
   rF:        It makes you vulnerable to fire.
   MP:        It affects your magic capacity (+9).
   Will:      It increases your willpower.
   It has a curse which improves the following skills: Fortitude: Armour and
   Shields.
   Elements:  Fire Magic, Ice Magic, Air Magic and Earth Magic.
 s - an amulet of magic regeneration (around neck)
 E - an amulet of faith
 H - a +4 ring of protection
Wands
 j - a wand of iceblast (26)
 u - a wand of mindburst (5)
 C - a wand of flame (26)
Scrolls
 g - a scroll of poison
 l - a scroll of identify
 m - a scroll of magic mapping
Potions
 b - 2 potions of might
 e - a potion of cancellation
 h - 2 potions of lignification
 i - a potion of resistance
 k - 2 potions of mutation
 o - 2 potions of brilliance
 t - a potion of attraction
 A - a potion of flight
Miscellaneous
 B - a lightning rod (inert)


   Skills:
 + Level 3.4 Short Blades
 - Level 4.0 Ranged Weapons
 - Level 5.8 Dodging
 - Level 7.1 Stealth
 + Level 4.3(5.1) Shields
 - Level 5.3 Spellcasting
 - Level 5.2 Transmutations
 + Level 4.0(5.3) Air Magic
 + Level 8.6 Poison Magic
 + Level 4.2 Evocations


You had 9 spell levels left.
You knew the following spells:

 Your Spells              Type           Power      Damage    Failure   Level
a - Sting                 Tmut/Pois      100%       1d8       1%          1
b - Poisonous Vapours     Pois/Air       78%        N/A       1%          2
c - Olgreb's Toxic Radia  Pois           47%        N/A       4%          4
d - Mephitic Cloud        Conj/Pois/Air  28%        N/A       7%          3

Your spell library contained the following spells:

 Spells                   Type           Power      Damage    Failure   Level
 Static Discharge         Conj/Air       19%        3-6/arc   9%          2
 Apportation              Tloc           12%        N/A       16%         1
 Alistair's Intoxication  Tmut/Pois      26%        N/A       26%         5
 Gell's Gravitas          Tloc           6%         N/A       43%         3
 Lesser Beckoning         Tloc           6%         N/A       43%         3
 Teleport Other           Tloc           6%         N/A       43%         3
 Sticky Flame             Conj/Fire      7%         2d3       83%         4
 Dispel Undead            Necr           6%         3d8       85%         4
 Fireball                 Conj/Fire      3%         3d4       99%         5
 Starburst                Conj/Fire      3%         6d3       100%        6
 Ignition                 Fire           3%         3d4       100%        8


Dungeon Overview and Level Annotations

Branches:
Dungeon (8/15)             Temple (1/1) D:6            Lair (0/5) D:8

Altars:
Ashenzari
Cheibriados
Dithmenos
Elyvilon
Fedhas
Gozag
Hepliaklqana
Kikubaaqudgha
Makhleb
Nemelex Xobeh
Okawaru
Qazlal
Ru
Sif Muna
Trog
Uskayaw
Vehumet
Wu Jian
Xom
Yredelemnul
Zin
The Shining One

Annotations:
D:5 2 runed translucent doors
D:6 2 transporters, jfcaron's ghost, amateur DsMo


Innate Abilities, Weirdness & Mutations

You are very small and have problems with some larger weapons.
You are too small for most types of armour.
You have supernaturally acute eyesight. (SInv)
You cover ground extremely quickly. (Speed+++)


Message History

You block the manticore's attack.
Unknown command.
Casting: Sting (safe; 1% risk of failure)
Confirm with . or Enter, or press ? or * to list all spells.
Aiming: Poisonous Vapours (safe; 1% risk of failure)
Press: ? - help, Dir - move target, f/p - manticore
Aim: a manticore Poisonous vapours surround the manticore!
The manticore is poisoned.
You block the manticore's attack.
The manticore claws you but does no damage.
You block the manticore's attack.
A howler monkey comes into view.
Casting: Poisonous Vapours (safe; 1% risk of failure)
Confirm with . or Enter, or press ? or * to list all spells.
Aiming: Poisonous Vapours (safe; 1% risk of failure)
Press: ? - help, Dir - move target, f/p - manticore
Aim: a manticore (lightly wounded, very poisoned) Poisonous vapours surround the manticore!
The manticore looks as sick as possible!
You carefully extract the barbed spikes from your body.
The manticore bites you!!
* * * LOW HITPOINT WARNING * * *
The manticore misses you. You block the manticore's attack.
Okay, then.
Okay, then.
Okay, then.
Okay, then.
Okay, then.
Aiming: Mindburst
Press: ? - help, Shift-Dir - straight line, f/p - manticore
Aim: a manticore (black smoke, lightly wounded, extremely poisoned, chance to affect: 64%)
The manticore's mind is blasted!!
You block the manticore's attack. The manticore claws you.
* * * LOW HITPOINT WARNING * * *
You block the manticore's attack.
Aiming: Mindburst
Press: ? - help, Shift-Dir - straight line, f/p - manticore
Aim: a manticore (severely wounded, extremely poisoned, chance to affect: 64%)
The manticore struggles to resist.
The manticore bites you!
You die...

....h.# #.########...#
#.#######'## ##.## #.#
##...## #####.#### #.#
##.....###........# #.#
##.......##........#
..###........###'###...#
....'.......##≈≈.≈≈##..#
..###.......#≈§§.≈§≈#..#
....##......#≈§≈@§≈≈#..#
....###.....§.§§Hh..'..#
#...# ##...##≈§§§§§§##.#
#...#####'###≈§≈§§§≈##.#
#...##..[[..##§≈.≈§###.#
...###.##.######+###...#
#h## #.##.###.#.{# ##..#
#.# #.#.(.##.#.### #..#
#.####........h...# #..#


You could see a manticore (very poisoned) and a howler monkey.

Vanquished Creatures
  Pikel (D:4)
  A kobold demonologist (D:8)
  Prince Ribbit (D:6)
  A troll (D:6)
  Grinder (D:6)
  Sigmund (D:6)
  A wyvern (D:5)
  A warg (D:8)
  Menkaure (D:4)
  2 steam dragons
  A water moccasin (D:5)
  A black bear (D:5)
  2 orc warriors
  A sky beast (D:8)
  2 centaurs
  2 ogres (D:7)
  2 lemures
  A phantom (D:7)
  5 bullfrogs
  2 necrophages
  5 scorpions
  4 killer bees
  A howler monkey (D:5)
  9 hounds
  A jelly (D:8)
  2 orc priests (D:7)
  3 iguanas
  4 orc wizards
  3 gnolls (D:3)
  6 adders
  A shadow imp (D:8)
  2 white imps
  2 worms
  A dart slug (D:5)
  26 orcs
  8 ball pythons
  16 endoplasms
  5 giant cockroaches
  7 hobgoblins
  6 jackals
  5 quokkas
  5 bats
  3 frilled lizards
  4 goblins
  10 kobolds
  3 rats
172 creatures vanquished.

Vanquished Creatures (others)
  A dart slug (D:4)
  A hobgoblin (D:4)
  A ball python (D:4)
  40 plants (D:8)
43 creatures vanquished.

Grand Total: 215 creatures vanquished

Notes
Turn   | Place    | Note
-------+----------+-------------------------------------------
     0 | D:1      | Zonian the Spriggan Venom Mage began the quest for the Orb.
     0 | D:1      | Reached XP level 1. HP: 9/9 MP: 5/5
   464 | D:1      | Reached XP level 2. HP: 13/13 MP: 2/6
  1205 | D:1      | Reached XP level 3. HP: 15/16 MP: 0/8
  1208 | D:1      | Learned a level 2 spell: Poisonous Vapours
  3449 | D:3      | Identified the ring "Iruatsuk" {rF- Will+ MP+9 Int+4 Dex+8}
  3887 | D:3      | Reached XP level 4. HP: 19/21 MP: 8/10
  4360 | D:3      | Found a faded altar of an unknown god.
  4818 | D:3      | Reached skill level 1 in Air Magic
  4818 | D:3      | Reached XP level 5. HP: 24/24 MP: 6/11
  5648 | D:4      | Noticed Pikel
  5648 | D:4      | Noticed a lemure
  5648 | D:4      | Noticed a lemure
  5648 | D:4      | Noticed a lemure
  5648 | D:4      | Noticed a lemure
  5661 | D:3      | Killed a lemure
  6078 | D:4      | Killed a lemure
  6217 | D:4      | Reached skill level 5 in Stealth
  6217 | D:4      | Reached XP level 6. HP: 28/28 MP: 13/13
  6364 | D:4      | Killed Pikel
  6365 | D:4      | Reached skill level 5 in Dodging
  6365 | D:4      | Reached skill level 4 in Poison Magic
  6365 | D:4      | Reached XP level 7. HP: 32/32 MP: 13/15
  6612 | D:4      | Found a shimmering altar of Xom.
  7162 | D:4      | Reached skill level 5 in Spellcasting
  7332 | D:4      | Identified a scroll of acquirement
  7332 | D:4      | Acquired a +2 buckler of reflection
  7591 | D:4      | Noticed Menkaure
  7593 | D:4      | Killed Menkaure
  7594 | D:4      | Reached skill level 5 in Transmutations
  7594 | D:4      | Reached XP level 8. HP: 36/36 MP: 16/16
  7702 | D:5      | Entered Level 5 of the Dungeon
  7811 | D:5      | Found a large runed translucent door.
  7845 | D:5      | Reached skill level 1 in Shields
  7871 | D:5      | Found a large runed translucent door.
  7932 | D:5      | Reached skill level 1 in Ranged Weapons
  7932 | D:5      | Reached skill level 5 in Poison Magic
  8180 | D:5      | Found a large runed translucent door.
  8180 | D:5      | Found a large runed translucent door.
 10419 | D:5      | Reached skill level 6 in Poison Magic
 10419 | D:5      | Reached XP level 9. HP: 39/39 MP: 18/18
 10671 | D:6      | Noticed a troll
 10672 | D:6      | Noticed Prince Ribbit
 10747 | D:6      | Noticed Grinder
 10750 | D:6      | Killed Grinder
 10751 | D:6      | Reached skill level 1 in Evocations
 10777 | D:6      | Killed Prince Ribbit
 11202 | D:6      | Killed a troll
 11248 | D:6      | Found a transporter.
 11253 | D:6      | Found a transporter.
 11254 | D:6      | Noticed jfcaron's ghost (amateur DsMo)
 11471 | D:6      | Reached skill level 7 in Poison Magic
 11511 | D:6      | Learned a level 4 spell: Olgreb's Toxic Radiance
 11620 | D:6      | Noticed Sigmund
 11621 | D:6      | Found a staircase to the Ecumenical Temple.
 11623 | D:6      | Killed Sigmund
 11629 | Temple   | Entered the Ecumenical Temple
 11861 | Temple   | Became a worshipper of Ashenzari the Shackled
 13396 | D:7      | Reached skill level 8 in Poison Magic
 13400 | D:7      | Reached skill level 1 in Short Blades
 13760 | D:7      | Learned a level 3 spell: Mephitic Cloud
 14003 | D:7      | Reached XP level 10. HP: 36/44 MP: 19/19
 14975 | D:8      | Noticed a sixfirhy
 15628 | D:8      | Found a staircase to the Lair.
 15643 | D:8      | Reached * piety under Ashenzari
 15657 | D:8      | Noticed a manticore
 16012 | D:8      | Noticed a gargoyle
 16082 | D:8      | HP: 1/44 [manticore (4)]
 16083 | D:8      | Demolished by a manticore

Illustrated notes

Levels and vault maps discovered:
D:1:      psy_arrival_fountain, layout_basic, minmay_domino_2
D:2:      layout_loops_cross
D:3:      layout_basic, chequers_ecumenical_altar_twisty, nicolae_titane
D:4:      layout_loops_cross, xom_confusion_cloud, grunt_decor_junction,
          uniq_menkaure, uniq_pikel
D:5:      layout_loops_ring, minmay_hollow_rounded_squares
D:6:      layout_basic, minmay_temple_entry_trees, gammafunk_ghost_hive,
          uniq_prince_ribbit1, uniq_sigmund, uniq_grinder
D:7:      layout_cave_pools, minmay_fountain_box
D:8:      nzn_winding_woodlands_large [nzn_winding_woodlands_hourglass,
          nzn_winding_woodlands_5x15_twine, nzn_winding_woodlands_5x5_three,
          nzn_winding_woodlands_center_diamonds,
          nzn_winding_woodlands_15x15_five_gardens,
          nzn_winding_woodlands_center_pierced_h,
          nzn_winding_woodlands_5x5_open_star,
          nzn_winding_woodlands_5x15_concentric,
          nzn_winding_woodlands_5x5_checkerboard], layout_loops_corners,
          erik_lair_orcish_takeover, kennysheep_flooded_box, patterned_corridor
Temple:   mainiacjoe_temple_hex_bubbles

Skill      XL: |  1  2  3  4  5  6  7  8  9 10 |
---------------+-------------------------------+-----
Dodging        | 3 4 5 |  5.8
Spellcasting   | 3 4 5 |  5.3
Transmutations | 2 3 4 5 |  5.2
Stealth        | 4 5 6 7 |  7.1
Air Magic      | 1 2 4 |  4.0
Poison Magic   | 4 6 8 |  8.6
Shields        | 2 4 |  4.3
Ranged Weapons | 3 4 |  4.0
Evocations     | 4 |  4.2
Short Blades   | 2 3 |  3.4

Action                   |  1- 3 |  4- 6 |  7- 9 | 10-12 || total
-------------------------+-------+-------+-------+-------++-------
Melee: Dagger            |    38 |    19 |    50 |    12 ||   119
       Unarmed           |     2 |       |       |       ||     2
       Punch             |     1 |       |       |       ||     1
       Hand axe          |       |       |       |     9 ||     9
 Fire: Sling             |       |       |    91 |    39 ||   130
 Cast: Sting             |    81 |    50 |    50 |     6 ||   187
       Poisonous Vapours |       |    28 |   143 |    23 ||   194
       Olgreb's Toxic Ra |       |       |       |     1 ||     1
Invok: Curse Item        |       |       |     1 |     1 ||     2
Evoke: Wand              |       |       |     3 |     4 ||     7
       Lightning rod     |       |       |     3 |     3 ||     6
  Use: Scroll            |     3 |     1 |    15 |     3 ||    22
       Potion            |       |     1 |       |     2 ||     3
 Stab: Sleeping          |     7 |     4 |     6 |       ||    17
Armor: Robe              |     9 |     2 |     4 |     5 ||    20
Dodge: Dodged            |    69 |    35 |   111 |    56 ||   271
Block: Buckler           |       |       |    57 |    45 ||   102
       Reflection        |       |       |     3 |     2 ||     5

Table legend: (Time is in decaauts)
 A = Elapsed time spent in this place.
 B = Non-inter-level travel time spent in this place.
 C = Inter-level travel time spent in this place.
 D = Time resting spent in this place.
 E = Time spent auto-exploring this place.
 F = Levels seen in this place.
 G = Mean time per level.
                   A        B        C        D        E       F      G
               +--------+--------+--------+--------+--------+-----+--------+
         Total |  13626 |  13325 |    301 |   7969 |   3226 |   9 | 1514.0 |
       Dungeon |  13463 |  13176 |    287 |   7969 |   3082 |   8 | 1682.9 |
        Temple |    162 |    149 |     13 |      0 |    143 |   1 |  162.0 |
               +--------+--------+--------+--------+--------+-----+--------+

Top non-repeatable levels by time:
     D:5: 2320 daAuts
     D:3: 2132 daAuts
     D:4: 2125 daAuts
     D:6: 1730 daAuts
     D:7: 1592 daAuts
     D:2: 1417 daAuts
     D:1: 1369 daAuts
     D:8: 776 daAuts
  Temple: 162 daAuts
